 Dungeon Crawl Stone Soup version 0.29-a0-121-g8efb068a30 (webtiles) character file.

Game seed: 14984097030964589532

119 cyrus the Covered (level 5, 0/28 HPs)
             Began as a Vine Stalker Fighter on Feb 21, 2022.
             Was a Believer of Dithmenos.
             Slain by Sigmund (10 damage)
             ... on level 3 of the Dungeon.
             The game lasted 00:05:19 (2922 turns).

cyrus the Covered (Vine Stalker Fighter)            Turns: 2922, Time: 00:05:20

Health: 0/28       AC:  9    Str: 19    XL:     5   Next: 3%
Magic:  0/6        EV:  7    Int: 10    God:    Dithmenos [**....]
Gold:   126        SH:  4    Dex: 13    Spells: 4/4 levels left

rFire   . . .      SeeInvis .   a - +0 trident
rCold   . . .      Faith    .   c - +0 buckler
rNeg    . . .      Spirit   +   i - +0 chain mail
rPois   .          Reflect  .   (no helmet)
rElec   .          Harm     .   (no cloak)
rCorr   .          Rampage  .   (no gloves)
Will    .....                   (no boots)
Stlth   ..........              (no amulet)
HPRegen 0.89/turn               (no ring)
MPRegen 0.10/turn               (no ring)

@: wreathed by umbra
A: fangs 2, regeneration 1, magic shield, antimagic bite, no potion heal 2
a: Renounce Religion, Shadow Step


You were on level 3 of the Dungeon.
You worshipped Dithmenos.
Dithmenos was pleased with you.
You visited 1 branch of the dungeon, and saw 3 of its levels.

You collected 126 gold pieces.

Inventory:

Hand Weapons
 a - a +0 trident (weapon)
Armour
 b - a +0 scale mail
 c - a +0 buckler (worn)
 i - a +0 chain mail (worn)
Jewellery
 p - a ring of resist corrosion
Scrolls
 g - 2 scrolls of enchant weapon {unknown}
 h - 2 scrolls of teleportation {unknown}
 j - 2 scrolls of magic mapping {unknown}
 k - 3 scrolls of noise {unknown}
 l - a scroll of fear {unknown}
 m - 3 scrolls of identify {unknown}
 q - a scroll of amnesia {unknown}
Potions
 d - a potion of brilliance {unknown}
 e - a potion of ambrosia {unknown}
 f - a potion of flight {unknown}
 n - 2 potions of attraction {unknown}
 o - a potion of haste {unknown}
 r - a potion of mutation {unknown}


   Skills:
 + Level 2.9 Fighting
 + Level 3.2 Polearms
 + Level 3.3 Armour
 + Level 0.4 Dodging
 + Level 2.9 Shields


You had 4 spell levels left.
You didn't know any spells.
Your spell library contained the following spells:

 Spells                   Type           Power      Damage    Failure   Level
 Freeze                   Ice            0%         1d3       99%         1
 Frozen Ramparts          Ice            0%         1d2       100%        3
 Hailstorm                Conj/Ice       0%         3d3       100%        4


Dungeon Overview and Level Annotations

Branches:
Dungeon (3/15)

Altars:
Dithmenos

Annotations:
D:3 Sigmund


Innate Abilities, Weirdness & Mutations

You have extremely sharp teeth.
Your natural rate of healing is unusually fast.
When hurt, damage is shared between your health and your magic reserves.
Your bite disrupts and absorbs the magic of your enemies.
Potions cannot restore your health.


Message History

You barely miss the kobold.
Sigmund shouts!
Your bite misses the kobold. The kobold hits you but does no damage.
Sigmund asks, "Do you like me?"
You hit the kobold.
The kobold is severely wounded.
The kobold hits you with a +0 club.
Sigmund mumbles some strange words.
Sigmund flickers and vanishes!
Deactivating autopickup; reactivate with Ctrl-A.
You puncture the kobold!
You kill the kobold!
Dithmenos accepts your kill.
You hit the adder. You bite the adder. You drain its power.
The adder is severely wounded.
The adder closely misses you. You block something's attack.
The adder bites you but does no damage.
You barely miss the adder. You bite the adder.
You kill the adder!
Dithmenos accepts your kill. Something hits you!
You have reached level 5!
A magic dart appears from out of thin air!
The magic dart hits you but does no damage.
Something hits you but does no damage.
You closely miss something. Something hits you.
You miss something. Your bite misses something. Something hits you!
You hit something but do no damage. You bite something. You drain its magic.
You feel invigorated.
You miss something. Something hits you.
You barely miss something. Something hits you.
You miss something. You hit something but do no damage. You hit something.
Your bite misses something. Something hits you.
You barely miss something. Your bite misses something. Something hits you.
You closely miss something. You hit something. Something hits you!
* * * LOW HITPOINT WARNING * * *
You barely miss something. Something hits you!
You die...

##############
#.............
##########.############
.........#.# #####
########.#.##
......#########....#
......).....{@...#.#
##...##########....# #.
#.####### #.......#
#######.# #.########
#......... #######.##
############# #.##


There were no monsters in sight!

Vanquished Creatures
  4 gnolls (D:2)
  3 adders
  3 dart slugs
  4 endoplasms
  3 giant cockroaches
  2 goblins
  4 hobgoblins
  2 jackals (D:1)
  2 quokkas (D:1)
  5 ball pythons
  8 bats
  4 frilled lizards
  6 kobolds
  4 rats
  A bush (D:1)
55 creatures vanquished.

Vanquished Creatures (others)
  A demonic plant (D:1)
  2 plants (D:1)
3 creatures vanquished.

Grand Total: 58 creatures vanquished

Notes
Turn   | Place    | Note
-------+----------+-------------------------------------------
     0 | D:1      | cyrus the Vine Stalker Fighter began the quest for the Orb.
     0 | D:1      | Reached XP level 1. HP: 11/11 MP: 2/2
    10 | D:1      | Noticed a wyvern
    10 | D:1      | Noticed a polar bear
    10 | D:1      | Noticed a killer bee
    11 | D:1      | Noticed a lindwurm
   268 | D:1      | Reached XP level 2. HP: 10/16 MP: 0/3
   769 | D:1      | Found a faded altar of an unknown god.
   769 | D:1      | Noticed a soul eater
   780 | D:1      | Prayed at the altar of an unknown god.
   780 | D:1      | Became a worshipper of Dithmenos the Shadowed
   780 | D:1      | Reached * piety under Dithmenos
  1481 | D:1      | Reached XP level 3. HP: 19/19 MP: 4/4
  1769 | D:2      | Gained mutation: Your natural rate of healing is unusually
                  | fast. [Vine Stalker growth]
  1769 | D:2      | Reached XP level 4. HP: 16/23 MP: 5/5
  2294 | D:2      | Reached ** piety under Dithmenos
  2895 | D:3      | Noticed Sigmund
  2901 | D:3      | Reached XP level 5. HP: 20/28 MP: 3/6
  2922 | D:3      | Slain by Sigmund

Illustrated notes

Levels and vault maps discovered:
D:1:      onia_arrival_zoo_common, layout_basic,
          dreamdust_ecumenical_altar_sealed_demon, serial_forest,
          infiniplex_forest_lined_ring, infiniplex_forest_end_3,
          infiniplex_forest_lined_corner, infiniplex_forest_end_2,
          infiniplex_forest_end_3, infiniplex_forest_zigzag_2,
          infiniplex_forest_clump_tiny, infiniplex_forest_split,
          minmay_tromino_v4_b
D:2:      layout_loops_corners, solitary_fountain
D:3:      layout_loops_ring, serial_shops, shop, uniq_sigmund

Skill      XL: |  1  2  3  4 |
---------------+-------------+-----
Polearms       | 2 3 |  3.2
Armour         | 3 |  3.3
Fighting       | |  2.9
Dodging        | |  0.4
Shields        | |  2.9

Action                   |  1- 3 |  4- 6 || total
-------------------------+-------+-------++-------
Melee: Trident           |   165 |    77 ||   242
       Bite              |    68 |    16 ||    84
  Use: Potion            |     1 |       ||     1
Armor: Scale mail        |    50 |       ||    50
       Chain mail        |    13 |    25 ||    38
Dodge: Dodged            |    54 |    29 ||    83
Block: Buckler           |    17 |    13 ||    30

Table legend: (Time is in decaauts)
 A = Elapsed time spent in this place.
 B = Non-inter-level travel time spent in this place.
 C = Inter-level travel time spent in this place.
 D = Time resting spent in this place.
 E = Time spent auto-exploring this place.
 F = Levels seen in this place.
 G = Mean time per level.
                   A        B        C        D        E       F      G
               +--------+--------+--------+--------+--------+-----+--------+
         Total |   2977 |   2854 |    123 |    212 |   1872 |   3 |  992.3 |
       Dungeon |   2977 |   2854 |    123 |    212 |   1872 |   3 |  992.3 |
               +--------+--------+--------+--------+--------+-----+--------+

Top non-repeatable levels by time:
     D:1: 1676 daAuts
     D:2: 924 daAuts
     D:3: 377 daAuts
